TOP OF THE 1ST |
---|
Houston Hammertime batting - Pitching for Santa Monica Bruins : RHP Carlos Ruíz | Pitching: RHP Carlos Ruíz | | Batting: RHB Jorge Barbosa | 0-0: Called Strike 0-1: Foul Ball, location: 2F 0-2: Ball 1-2: Ball 2-2: Foul Ball, location: 2F 2-2: Foul Ball, location: 2F 2-2: Fly out, F5 (Line Drive, 5) | Batting: RHB Santo Cruz | 0-0: Ball 1-0: Ball 2-0: Ball 3-0: Called Strike 3-1: Ground out 5-3 (Groundball, 5L) | Batting: LHB Francisco Cardenas | 0-0: Ball 1-0: Called Strike 1-1: Foul Ball, location: 2F 1-2: Ball 2-2: Foul Ball, location: 2F 2-2: SINGLE (Line Drive, 9LS) | Batting: RHB José García | 0-0: Called Strike 0-1: Swinging Strike 0-2: Foul Ball, location: 2F 0-2: Ball 1-2: Ground out 1-3 (Groundball, 15) | Top of the 1st over - 0 runs, 1 hit, 0 errors, 1 left on base; Houston 0 - Santa Monica 0 | BOTTOM OF THE 1ST |
---|
Santa Monica Bruins batting - Pitching for Houston Hammertime : RHP Aaron Green | Pitching: RHP Aaron Green | | Batting: LHB Gonzalo Benítez | 0-0: Fly out, F9 (Line Drive, 9) | Batting: RHB Gustavo Torres | 0-0: Ball 1-0: Ground out 6-3 (Groundball, 6) | Batting: RHB Jake Reeves | 0-0: Called Strike 0-1: Foul Ball, location: 2F 0-2: Ball 1-2: Ball 2-2: Foul Ball, location: 2F 2-2: Ball 3-2: Foul Ball, location: 2F 3-2: Fly out, F9 (Flyball, 89S) | Bottom of the 1st over - 0 runs, 0 hits, 0 errors, 0 left on base; Houston 0 - Santa Monica 0 | TOP OF THE 2ND |
---|
Houston Hammertime batting - Pitching for Santa Monica Bruins : RHP Carlos Ruíz | Batting: RHB David Hernández | 0-0: Ball 1-0: Ground out 4-3 (Groundball, 34) | Batting: RHB Ron Elazar | 0-0: Ball 1-0: SINGLE (Line Drive, 8RS) | Batting: LHB David Adams | 0-0: Called Strike 0-1: Swinging Strike 0-2: Ball 1-2: Fly out, F8 (Flyball, 8LD) | Batting: RHB Alfredo Cortéz | 0-0: Ball 1-0: Swinging Strike 1-1: Ball 2-1: Called Strike 2-2: Ball 3-2: Foul Ball, location: 2F Pickoff Throw to First - Error! E1 Ron Elazar to second 3-2: Fly out, F9 (Flyball, 9S) | Top of the 2nd over - 0 runs, 1 hit, 1 error, 1 left on base; Houston 0 - Santa Monica 0 | BOTTOM OF THE 2ND |
---|
Santa Monica Bruins batting - Pitching for Houston Hammertime : RHP Aaron Green | Batting: RHB Luis Martínez | 0-0: Ball 1-0: Called Strike 1-1: Ball 2-1: Foul Ball, location: 2F 2-2: Foul Ball, location: 2F 2-2: Foul Ball, location: 2F 2-2: SINGLE (Line Drive, 8RS) | Batting: RHB Manny Copriviza | 0-0: Called Strike 0-1: Ball 1-1: Ball 2-1: SINGLE (Groundball, 5D) Luis Martínez to second | Batting: LHB Ethan Shaw | 0-0: Foul Ball, location: 2F 0-1: Ball 1-1: Fly out, F9 (Flyball, 9) | Batting: RHB Ernest Russell | 0-0: Called Strike 0-1: Ball 1-1: Foul Ball, location: 2F 1-2: Grounds into double play, 6-4-3 (Groundball, 6) | Bottom of the 2nd over - 0 runs, 2 hits, 0 errors, 1 left on base; Houston 0 - Santa Monica 0 | TOP OF THE 3RD |
---|
Houston Hammertime batting - Pitching for Santa Monica Bruins : RHP Carlos Ruíz | Batting: LHB António Camacho | 0-0: Ball 1-0: Called Strike 1-1: Foul Ball, location: 2F 1-2: Reached on error, E6 (Groundball, 6MS) | Batting: RHB Jorge Barbosa | 0-0: Ball 1-0: Ball 2-0: Ball 3-0: Called Strike 3-1: Base on Balls | Batting: RHB Santo Cruz | 0-0: Fly out, F8 (Flyball, 8RXD) Runner from 2nd tags up, SAFE at 3rd, no throw | Batting: LHB Francisco Cardenas | 0-0: Ball 1-0: Swinging Strike 1-1: Ball 2-1: Foul Ball, location: 2F 2-2: Foul Ball, location: 2F 2-2: Foul Ball, location: 2F 2-2: Fly out, F6 (Line Drive, 6M) | Batting: RHB José García | 0-0: Ball 1-0: Called Strike 1-1: Ball 2-1: Ball 3-1: Base on Balls Jorge Barbosa to second | Batting: RHB David Hernández | 0-0: Fielders Choice at 2nd, 5-4 (Groundball, 5L) | Top of the 3rd over - 0 runs, 0 hits, 1 error, 3 left on base; Houston 0 - Santa Monica 0 | BOTTOM OF THE 3RD |
---|
Santa Monica Bruins batting - Pitching for Houston Hammertime : RHP Aaron Green | Batting: SHB Adrián Nieto | 0-0: Called Strike 0-1: Foul Ball, location: 2F 0-2: Ball 1-2: Ball 2-2: Ball 3-2: Base on Balls | Batting: RHB Dave King | 0-0: Foul Ball, location: 2F 0-1: SINGLE (Groundball, 34D) Adrián Nieto to second Runner from 2nd tries for 3rd, SAFE, throw made to third | Batting: LHB Gonzalo Benítez | 0-0: Foul Ball, location: 2F 0-1: Ball 1-1: Called Strike 1-2: Ball 2-2: Foul Ball, location: 2F 2-2: Ball 3-2: Foul Ball, location: 2F 3-2: Base on Balls Dave King to second | Batting: RHB Gustavo Torres | 0-0: Called Strike 0-1: Grounds into double play, 5-4-3 (Groundball, 56) Adrián Nieto scores Dave King to third | Batting: RHB Jake Reeves | 0-0: Ball 1-0: Swinging Strike 1-1: Ball 2-1: Ground out 6-3 (Groundball, 56D) | Bottom of the 3rd over - 1 run, 1 hit, 0 errors, 1 left on base; Houston 0 - Santa Monica 1 | TOP OF THE 4TH |
---|
Houston Hammertime batting - Pitching for Santa Monica Bruins : RHP Carlos Ruíz | Batting: RHB Ron Elazar | 0-0: SOLO HOME RUN (Flyball, 78XD), Distance : 400 ft | Batting: LHB David Adams | 0-0: Ball 1-0: Called Strike 1-1: Called Strike 1-2: Ground out 6-3 (Groundball, 6) | Batting: RHB Alfredo Cortéz | 0-0: Swinging Strike 0-1: Ball 1-1: Ball 2-1: Foul Ball, location: 2F 2-2: DOUBLE (Flyball, 78XD) | Batting: LHB António Camacho | 0-0: SINGLE (Groundball, 6MD) Alfredo Cortéz to third Runner from 3rd tries for Home, SAFE, no throw | Batting: RHB Jorge Barbosa | 0-0: Called Strike 0-1: Ball 1-1: Foul Ball, location: 2F 1-2: SINGLE (Line Drive, 6M) António Camacho to second | Batting: RHB Santo Cruz | 0-0: Ball 1-0: Fly out, F9 (Flyball, 9) Runner from 2nd tags up, SAFE at 3rd with throw | Batting: LHB Francisco Cardenas | 0-0: Ball 1-0: Ball 2-0: Ball 3-0: Base on Balls Jorge Barbosa to second | Batting: RHB José García | 0-0: Called Strike 0-1: Swinging Strike 0-2: Ball 1-2: SINGLE (Groundball, 34S) (infield hit) António Camacho scores Jorge Barbosa to third Francisco Cardenas to second | Batting: RHB David Hernández | 0-0: Ball 1-0: Foul Ball, location: 2F 1-1: Ball 2-1: Foul Ball, location: 2F 2-2: Ball 3-2: SINGLE (Groundball, 34S) (infield hit) Jorge Barbosa scores Francisco Cardenas to third José García to second | Pitching: RHP Rick Hernández | | Batting: RHB Ron Elazar | 0-0: Ball 1-0: SINGLE (Groundball, 6MD) Francisco Cardenas scores José García to third David Hernández to second Runner from 3rd tries for Home, SAFE, no throw | Batting: LHB David Adams | 0-0: Ground out 4-3 (Groundball, 4) | Top of the 4th over - 6 runs, 7 hits, 0 errors, 2 left on base; Houston 6 - Santa Monica 1 | BOTTOM OF THE 4TH |
---|
Santa Monica Bruins batting - Pitching for Houston Hammertime : RHP Aaron Green | Batting: RHB Luis Martínez | 0-0: Called Strike 0-1: Swinging Strike 0-2: Ball 1-2: Ball 2-2: Ball 3-2: SINGLE (Groundball, 56D) | Batting: RHB Manny Copriviza | 0-0: Called Strike 0-1: Ball 1-1: Ball 2-1: Foul Ball, location: 2F 2-2: DOUBLE (Line Drive, 9LM) Luis Martínez to third | Batting: LHB Ethan Shaw | 0-0: Ball 1-0: Called Strike 1-1: Ball 2-1: Fly out, F7 (Flyball, 78D) Runner from 3rd tags up, SCORES, throw made | Batting: RHB Ernest Russell | 0-0: Ball 1-0: Ground out 6-3 (Groundball, 6) | Batting: SHB Adrián Nieto | 0-0: Called Strike 0-1: Fly out, F7 (Flyball, 7S) | Bottom of the 4th over - 1 run, 2 hits, 0 errors, 1 left on base; Houston 6 - Santa Monica 2 | TOP OF THE 5TH |
---|
Houston Hammertime batting - Pitching for Santa Monica Bruins : RHP Rick Hernández | Batting: RHB Alfredo Cortéz | 0-0: Called Strike 0-1: Swinging Strike 0-2: Fly out, F5 (Line Drive, 5S) | Batting: LHB António Camacho | 0-0: Called Strike 0-1: Foul Ball, location: 2F 0-2: Ground out 5-3 (Groundball, 56) | Batting: RHB Jorge Barbosa | 0-0: Called Strike 0-1: Swinging Strike 0-2: Hit by Pitch | Batting: RHB Santo Cruz | 0-0: Foul Ball, location: 2F 0-1: Foul Ball, location: 2F 0-2: Ball 1-2: Ball 2-2: Ball 3-2: SINGLE (Line Drive, 56D) Jorge Barbosa to second Jorge Barbosa to third | Batting: LHB Francisco Cardenas | 0-0: Called Strike 0-1: Called Strike 0-2: Foul Ball, location: 2F 0-2: Ball 1-2: Ball 2-2: Ball 3-2: Foul Ball, location: 2F 3-2: Base on Balls Santo Cruz to second | Batting: RHB José García | 0-0: Ball 1-0: Ball 2-0: Ground out 4-3 (Groundball, 4) | Top of the 5th over - 0 runs, 1 hit, 0 errors, 3 left on base; Houston 6 - Santa Monica 2 | BOTTOM OF THE 5TH |
---|
Santa Monica Bruins batting - Pitching for Houston Hammertime : RHP Aaron Green | Batting: RHB Dave King | 0-0: Ball 1-0: Foul Ball, location: 2F 1-1: Foul Ball, location: 2F 1-2: Strikes out swinging | Batting: LHB Gonzalo Benítez | 0-0: SINGLE (Groundball, 6) (infield hit) | Batting: RHB Gustavo Torres | 0-0: Called Strike 0-1: Called Strike 0-2: Foul Ball, location: 2F 0-2: Ball Wild Pitch! Gonzalo Benítez to second 1-2: Ball 2-2: Foul Ball, location: 2F 2-2: Ground out 4-3 (Groundball, 4) Gonzalo Benítez to third | Batting: RHB Jake Reeves | 0-0: SINGLE (Line Drive, 78M) Gonzalo Benítez scores | Batting: RHB Luis Martínez | 0-0: Foul Ball, location: 2F 0-1: SINGLE (Groundball, 56D) Jake Reeves to second | Batting: RHB Manny Copriviza | 0-0: Ball 1-0: Ball 2-0: Ball 3-0: Called Strike 3-1: Base on Balls Jake Reeves to third Luis Martínez to second | Batting: LHB Ethan Shaw | 0-0: Ball 1-0: Ball 2-0: Foul Ball, location: 2F 2-1: Ball 3-1: Called Strike 3-2: Ground out 3-1 (Groundball, 34S) | Bottom of the 5th over - 1 run, 3 hits, 0 errors, 3 left on base; Houston 6 - Santa Monica 3 | TOP OF THE 6TH |
---|
Houston Hammertime batting - Pitching for Santa Monica Bruins : RHP Rick Hernández | Batting: RHB David Hernández | 0-0: Swinging Strike 0-1: Called Strike 0-2: Ball 1-2: Ball 2-2: Ground out 3-1 (Groundball, 34) | Batting: RHB Ron Elazar | 0-0: Ball 1-0: Ball 2-0: Called Strike 2-1: SINGLE (Line Drive, 34) | Batting: LHB David Adams | 0-0: Fielders Choice at 2nd, 6-4 (Groundball, 6) | Batting: RHB Alfredo Cortéz | 0-0: Ball 1-0: 2-RUN HOME RUN (Flyball, 7D), Distance : 356 ft | Batting: LHB António Camacho | 0-0: Called Strike 0-1: Ground out U3 (Groundball, 34) | Top of the 6th over - 2 runs, 2 hits, 0 errors, 0 left on base; Houston 8 - Santa Monica 3 | BOTTOM OF THE 6TH |
---|
Santa Monica Bruins batting - Pitching for Houston Hammertime : RHP Aaron Green | Batting: RHB Ernest Russell | 0-0: Called Strike 0-1: Ball 1-1: SINGLE (Groundball, 56D) | Batting: SHB Adrián Nieto | 0-0: Ball 1-0: Fly out, F8 (Flyball, 8LD) | Pitching: LHP Martin White | | Batting: RHB Dave King | 0-0: Called Strike Ernest Russell is caught stealing 2nd base 0-1: Called Strike 0-2: Strikes out looking | Bottom of the 6th over - 0 runs, 1 hit, 0 errors, 0 left on base; Houston 8 - Santa Monica 3 | TOP OF THE 7TH |
---|
Houston Hammertime batting - Pitching for Santa Monica Bruins : RHP Rick Hernández | Batting: RHB Jorge Barbosa | 0-0: SINGLE (Groundball, 56D) | Batting: RHB Santo Cruz | 0-0: Ball 1-0: Hit by Pitch Jorge Barbosa to second | Batting: LHB Francisco Cardenas | 0-0: Ball 1-0: Ball 2-0: Foul Ball, location: 2F 2-1: Foul Ball, location: 2F 2-2: Ground out 4-3 (Groundball, 4D) Jorge Barbosa to third Santo Cruz to second | Batting: RHB José García | 0-0: Called Strike 0-1: SINGLE (Groundball, 34D) Jorge Barbosa scores Santo Cruz to third | Batting: RHB David Hernández | 0-0: Called Strike 0-1: Ball 1-1: Fly out, F8 (Flyball, 78D) Runner from 3rd tags up, SCORES, throw made | Batting: RHB Ron Elazar | 0-0: Ball 1-0: Ball 2-0: Swinging Strike 2-1: Called Strike 2-2: Fielders Choice at 2nd, 6-4 (Groundball, 56) | Top of the 7th over - 2 runs, 2 hits, 0 errors, 1 left on base; Houston 10 - Santa Monica 3 | BOTTOM OF THE 7TH |
---|
Santa Monica Bruins batting - Pitching for Houston Hammertime : LHP Martin White | Batting: LHB Gonzalo Benítez | 0-0: SINGLE (Groundball, 4MD) | Batting: RHB Gustavo Torres | 0-0: Called Strike 0-1: Ball 1-1: Ball 2-1: Called Strike 2-2: Strikes out swinging | Batting: RHB Jake Reeves | 0-0: Ball 1-0: Fly out, F7 (Flyball, 7D) | Batting: RHB Luis Martínez | 0-0: Ball 1-0: Called Strike 1-1: Fielders Choice at 2nd, U6 (Groundball, 6M) | Bottom of the 7th over - 0 runs, 1 hit, 0 errors, 1 left on base; Houston 10 - Santa Monica 3 | TOP OF THE 8TH |
---|
Houston Hammertime batting - Pitching for Santa Monica Bruins : RHP Rick Hernández | Batting: LHB David Adams | 0-0: Called Strike 0-1: Ball 1-1: Fly out, F7 (Flyball, 78M) | Batting: RHB Alfredo Cortéz | 0-0: Ball 1-0: Ball 2-0: Called Strike 2-1: Ball 3-1: Base on Balls | Pitching: LHP John Lawson | | Batting: LHB António Camacho | 0-0: Ball 1-0: Fielders Choice at 2nd, 4-6 (Groundball, 4) | Batting: RHB Jorge Barbosa | 0-0: Swinging Strike 0-1: Called Strike 0-2: Ball 1-2: Ball 2-2: Strikes out swinging, 2-3 out at first. | Top of the 8th over - 0 runs, 0 hits, 0 errors, 1 left on base; Houston 10 - Santa Monica 3 | BOTTOM OF THE 8TH |
---|
Santa Monica Bruins batting - Pitching for Houston Hammertime : LHP Martin White | Now at C: Victor Andrews | | Now in CF: Dan Mason | | Now in RF: Dan Hooper | | Batting: RHB Manny Copriviza | 0-0: Ball 1-0: Ball 2-0: Foul Ball, location: 2F 2-1: Called Strike 2-2: Strikes out swinging | Batting: LHB Ethan Shaw | 0-0: Ball 1-0: Foul Ball, location: 2F 1-1: Foul Ball, location: 2F 1-2: Ball 2-2: Reached on error, E4 (Groundball, 4) | Batting: RHB Ernest Russell | 0-0: Called Strike 0-1: Fielders Choice at 2nd, 6-4 (Groundball, 6) | Batting: SHB Adrián Nieto | 0-0: Ball 1-0: Foul Ball, location: 2F 1-1: Ball 2-1: SINGLE (Groundball, 34D) Ernest Russell to second Runner from 2nd tries for 3rd, SAFE, no throw | Batting: RHB Dave King | 0-0: Ball 1-0: Called Strike 1-1: Swinging Strike 1-2: Ball 2-2: Ball 3-2: DOUBLE (Flyball, 89D) Ernest Russell scores Adrián Nieto to third Adrián Nieto scores | Batting: LHB Gonzalo Benítez | 0-0: Ground out 4-3 (Groundball, 34D) | Bottom of the 8th over - 2 runs, 2 hits, 1 error, 1 left on base; Houston 10 - Santa Monica 5 | TOP OF THE 9TH |
---|
Houston Hammertime batting - Pitching for Santa Monica Bruins : LHP John Lawson | Pitching: RHP Jorge Hernández | | Batting: RHB Santo Cruz | 0-0: Ball 1-0: Swinging Strike 1-1: Called Strike 1-2: Ball 2-2: Ground out 5-3 (Groundball, 56S) | Batting: LHB Francisco Cardenas | 0-0: Called Strike 0-1: Ball 1-1: SINGLE (Groundball, 56D) | Batting: RHB José García | 0-0: Called Strike 0-1: Foul Ball, location: 2F 0-2: Ball 1-2: Ball 2-2: Foul Ball, location: 2F 2-2: Ball 3-2: Base on Balls Francisco Cardenas to second | Batting: RHB David Hernández | 0-0: Called Strike 0-1: Ball 1-1: Swinging Strike 1-2: Ball 2-2: Strikes out swinging | Batting: RHB Ron Elazar | 0-0: Ball 1-0: Ball 2-0: Called Strike 2-1: Swinging Strike 2-2: SINGLE (Flyball, 4MD) Francisco Cardenas to third José García to second Runner from 3rd tries for Home, SAFE, no throw | Batting: LHB David Adams | 0-0: Swinging Strike 0-1: Foul Ball, location: 2F 0-2: SINGLE (Line Drive, 56D) José García to third Ron Elazar to second Runner from 3rd tries for Home, SAFE, throw made home | Batting: RHB Victor Andrews | 0-0: Ball 1-0: Ball 2-0: Called Strike 2-1: Fly out, F8 (Flyball, 8RD) | Top of the 9th over - 2 runs, 3 hits, 0 errors, 2 left on base; Houston 12 - Santa Monica 5 | BOTTOM OF THE 9TH |
---|
Santa Monica Bruins batting - Pitching for Houston Hammertime : LHP Martin White | Batting: RHB Gustavo Torres | 0-0: Called Strike 0-1: Ball 1-1: Ball 2-1: Foul Ball, location: 2F 2-2: Foul Ball, location: 2F 2-2: Ground out 5-3 (Groundball, 5) | Pinch Hitting: RHB Pablo Peña | 0-0: Ball 1-0: Ball 2-0: Ground out U3 (Groundball, 34S) | Batting: RHB Luis Martínez | 0-0: Ball 1-0: Foul Ball, location: 2F 1-1: Foul Ball, location: 2F 1-2: Foul Ball, location: 2F 1-2: Reached on error, E6 (Groundball, 6) | Batting: RHB Manny Copriviza | 0-0: Called Strike 0-1: Foul Ball, location: 2F 0-2: Foul Ball, location: 2F 0-2: Ball 1-2: Foul Ball, location: 2F 1-2: Ball 2-2: SINGLE (Line Drive, 89S) Luis Martínez to second | Batting: LHB Ethan Shaw | 0-0: SINGLE (Line Drive, 8RS) Luis Martínez to third Manny Copriviza to second | Pinch Hitting: LHB Ken Phillips | 0-0: Foul Ball, location: 2F 0-1: Ball 1-1: Swinging Strike 1-2: Ground out U3 (Groundball, 3) | Bottom of the 9th over - 0 runs, 2 hits, 1 error, 3 left on base; Houston 12 - Santa Monica 5 | |